 Dungeon Crawl Stone Soup version 0.29-a0-817-g9904bce7a6 (webtiles) character file.

Game seed: 17818435351563195950

176431 wingedge the Severer (level 17, 0/154 HPs)
             Began as a Minotaur Berserker on July 5, 2022.
             Was an Elder of Trog.
             Slain by Ilsuiw
             ... wielding a +2 trident of freezing
              (1 damage)
             ... on level 3 of the Shoals.
             The game lasted 01:46:40 (29807 turns).

wingedge the Severer (Minotaur Berserker)          Turns: 29807, Time: 01:46:42

Health: 0/154      AC: 27    Str: 31    XL:     17   Next: 51%
Magic:  16/16      EV: 11    Int:  7    God:    Trog [****..]
Gold:   2233       SH: 19    Dex: 12    Spells: 16/16 levels left

rFire   + . .      SeeInvis .   n - +5 broad axe (flame)
rCold   + . .      Faith    .   a - +2 tower shield {reflect}
rNeg    . . .      Spirit   .   N - +4 chain mail {rC+}
rPois   +          Reflect  +   R - +2 hat
rElec   .          Harm     .   A - +0 cloak
rCorr   +          Rampage  .   y - +2 pair of gloves {Str+3}
Will    +++..                   J - +1 pair of boots of the Tundras {rF+ rCorr Int+3}
Stlth   ..........              F - amulet "Canih Geupp" {rPois Regen+}
HPRegen 2.15/turn               v - ring of flight
MPRegen 0.15/turn               Q - +4 ring of slaying

@: strong-willed, on berserk cooldown, flying, regenerating, slowed, invisible,
very slow
A: horns 2, retaliatory headbutt
a: Renounce Religion, Berserk, Trog's Hand, Brothers in Arms


You were on level 3 of the Shoals.
You worshipped Trog.
Trog was greatly pleased with you.
You visited 4 branches of the dungeon, and saw 26 of its levels.
You also visited: Ice Cave.

You collected 3520 gold pieces.
You spent 1287 gold pieces at shops.

Inventory:

Hand Weapons
 n - a +5 broad axe of flaming (weapon)
 x - a +9 vorpal executioner's axe
 W - a +0 broad axe of flaming
Missiles
 r - 16 boomerangs (quivered)
 B - 2 boomerangs of dispersal
 T - 5 javelins
Armour
 a - a +2 tower shield of reflection (worn)
 y - a +2 pair of gloves of strength (worn)
 A - a +0 cloak (worn)
 J - the +1 pair of boots of the Tundras (worn) {rF+ rCorr Int+3}
   (You bought it in a shop on level 1 of the Shoals)

   Int:       It affects your intelligence (+3).
   rF:        It protects you from fire.
   rCorr:     It protects you from acid and corrosion.
 N - a +4 chain mail of cold resistance (worn)
 R - a +2 hat (worn)
Jewellery
 b - an amulet of reflection
 g - a ring of protection from fire
 v - a ring of flight (left hand)
 F - the amulet "Canih Geupp" (around neck) {rPois Regen+}
   (You bought it in a shop on level 2 of the Orcish Mines)

   [amulet of regeneration]

   rPois:     It protects you from poison.
   Regen:     It increases your rate of health regeneration.
 L - a +4 ring of protection
 O - a ring of willpower
 Q - a +4 ring of slaying (right hand)
 X - a ring of poison resistance
 Y - a ring of resist corrosion
 Z - a +4 ring of evasion
Wands
 t - a wand of mindburst (25)
 u - a wand of flame (45)
 z - a wand of iceblast (17)
 D - a wand of charming (13)
 E - a wand of polymorph (8)
Scrolls
 c - 3 scrolls of vulnerability
 e - 2 scrolls of summoning
 h - 5 scrolls of fog
 i - 5 scrolls of blinking
 k - 10 scrolls of teleportation
 l - 4 scrolls of fear
 m - 3 scrolls of poison
 s - 6 scrolls of identify
 H - a scroll of magic mapping
 P - 3 scrolls of torment
 U - 2 scrolls of enchant armour
Potions
 d - 12 potions of attraction
 f - 5 potions of might
 j - 8 potions of curing
 o - 3 potions of ambrosia
 p - 3 potions of mutation
 q - 3 potions of flight
 C - 2 potions of cancellation
 G - a potion of lignification
 I - 4 potions of heal wounds
 S - a potion of invisibility
 V - 2 potions of magic
Miscellaneous
 M - a lightning rod (3/4)


   Skills:
 + Level 14.5 Fighting
 * Level 18.8(18.9) Axes
 - Level 0.2(12.3) Maces & Flails
 - Level 3.0(12.7) Polearms
 + Level 11.6 Throwing
 + Level 14.2 Armour
 + Level 11.3 Dodging
 + Level 12.2 Shields
 + Level 10.5 Evocations


You had 16 spell levels left.
You didn't know any spells.
Your spell library contained the following spells:

 Spells                   Type           Power      Damage    Failure   Level
 Magic Dart               Conj           0%         1d3       100%        1
 Necrotise                Necr           0%         1d4       100%        1
 Call Imp                 Summ           0%         N/A       100%        2
 Ensorcelled Hibernation  Hex/Ice        0%         N/A       100%        2
 Sublimation of Blood     Necr           0%         N/A       100%        2
 Conjure Flame            Conj/Fire      0%         6-21      100%        3
 Ignite Poison            Fire/Tmut/Pois 0%         N/A       100%        3
 Mephitic Cloud           Conj/Pois/Air  0%         N/A       100%        3
 Ozocubu's Armour         Ice            0%         N/A       100%        3
 Spider Form              Tmut/Pois      0%         N/A       100%        3
 Stone Arrow              Conj/Erth      0%         3d7       100%        3
 Vampiric Draining        Necr           0%         2d6       100%        3
 Airstrike                Air            0%         0-1+      100%        4
 Anguish                  Hex/Necr       0%         N/A       100%        4
 Animate Armour           Summ/Erth      0%         N/A       100%        4
 Petrify                  Tmut/Erth      0%         N/A       100%        4
 Sticky Flame             Conj/Fire      0%         2d3       100%        4
 Summon Ice Beast         Ice/Summ       0%         N/A       100%        4
 Summon Lightning Spire   Summ/Air       0%         N/A       100%        4
 Agony                    Necr           0%         N/A       100%        5
 Blade Hands              Tmut           0%         N/A       100%        5
 Fireball                 Conj/Fire      0%         3d3       100%        5
 Irradiate                Conj/Tmut      0%         3d13      100%        5
 Iskenderun's Battlesphe  Conj           0%         2d6       100%        5
 Lightning Bolt           Conj/Air       0%         1d11      100%        5
 Metabolic Englaciation   Hex/Ice        0%         N/A       100%        5
 Summon Mana Viper        Hex/Summ       0%         N/A       100%        5
 Conjure Ball Lightning   Conj/Air       0%         3x3d6     100%        6
 Simulacrum               Ice/Necr       0%         N/A       100%        6
 Statue Form              Tmut/Erth      0%         N/A       100%        6
 Dragon Form              Tmut           0%         N/A       100%        7
 Monstrous Menagerie      Summ           0%         N/A       100%        7
 Orb of Destruction       Conj           0%         9d5       100%        7
 Lehudib's Crystal Spear  Conj/Erth      0%         10d2      100%        8


Dungeon Overview and Level Annotations

Branches:
Dungeon (15/15)            Temple (0/1) D:4            Lair (6/6) D:8
 Shoals (3/4) Lair:3       Spider (0/4) Lair:3        Slime (0/5) Lair:5
    Orc (2/2) D:12            Elf (0/3) Orc:2        Vaults (0/5) D:13
 Depths (0/4) D:15          IceCv (visited)

Altars:
Fedhas
Gozag
Hepliaklqana
Makhleb
Ru
Sif Muna
Trog
Uskayaw
Vehumet
Xom
Yredelemnul
Zin
The Shining One
Jiyva

Shops:
D:6 :   D:11 *   Orc:2 [?!=(   Shoals:1 [

Annotations:
D:6 2 transporters
Shoals:3 Ilsuiw


Innate Abilities, Weirdness & Mutations

You have a pair of horns on your head.
You reflexively headbutt those who attack you in melee.


Message History

The merfolk javelineer throws a javelin.
The javelin barely misses you.
The merfolk javelineer throws a javelin.
The javelin pierces through you.
You slash the merfolk javelineer! You burn the merfolk javelineer.
The merfolk javelineer is heavily wounded.
Something hits you!
* * * LOW HITPOINT WARNING * * *
You block the merfolk javelineer's attack.
The merfolk javelineer throws a javelin.
The javelin pierces through you.
* * * LOW HITPOINT WARNING * * *
Something hits you!
* * * LOW HITPOINT WARNING * * *
Something freezes you.
* * * LOW HITPOINT WARNING * * *
You feel much better.
The merfolk javelineer throws a javelin.
The javelin pierces through you.
* * * LOW HITPOINT WARNING * * *
The merfolk javelineer throws a javelin.
The javelin closely misses you. Something hits you!
* * * LOW HITPOINT WARNING * * *
Something freezes you.
* * * LOW HITPOINT WARNING * * *
The merfolk javelineer throws a javelin.
The javelin pierces through you!
* * * LOW HITPOINT WARNING * * *
The merfolk javelineer throws a javelin.
The javelin pierces through you!
* * * LOW HITPOINT WARNING * * *
As you read the scroll of fear, it crumbles to dust.
You assume a fearsome visage.
The merfolk javelineer easily resists.
The merfolk javelineer looks frightened!
Something hits you but does no damage.
The merfolk javelineer throws a javelin.
The javelin barely misses you. Something hits you.
* * * LOW HITPOINT WARNING * * *
Something freezes you.
You die...

≈ ###....≈≈≈≈≈≈≈
##..≈≈≈≈≈≈≈≈≈≈≈
#.≈≈≈≈≈≈≈≈≈≈≈≈≈ ....
#)≈≈≈≈≈≈≈≈≈≈≈≈≈
≈....#######.)≈≈≈≈≈≈≈≈≈≈≈≈
≈≈..≈.....#.≈)≈≈)≈≈≈≈≈≈≈≈≈≈
≈≈≈≈≈≈≈≈..?m≈≈≈≈≈≈≈≈≈≈≈≈≈≈≈
≈≈≈≈≈≈≈≈≈≈≈≈≈≈≈m≈≈≈≈≈≈≈≈≈≈
≈≈≈m≈≈≈≈≈≈≈≈≈≈≈@≈{≈≈≈≈≈..
≈≈≈≈≈≈≈≈≈≈≈≈≈≈≈≈≈≈≈.....$
≈≈≈≈≈.≈†≈≈≈≈..≈≈≈≈≈.....#
≈≈≈≈≈...≈≈≈...<≈≈≈≈≈≈≈..#
≈≈≈≈≈.#.≈≈.##<≈≈≈≈≈.≈≈≈.
≈≈≈≈≈.#m≈≈.#.........≈≈
≈≈≈≈≈≈≈≈≈≈.#.........≈≈
≈≈≈≈≈≈mm≈.####........≈
≈≈≈≈≈≈m≈≈.# ##.###.#.


You could see 2 merfolk javelineers.

Vanquished Creatures
  Frances (D:12)
  A kraken (Shoals:2)
  Kirke (Lair:4)
  The ghost of quinnr the Stormcaller, an adept TeAE of Vehumet (Shoals:1)
  A white draconian (IceCv)
  Azrael (D:13)
  Josephine (D:12)
  A merfolk impaler (Shoals:3)
  4 vault guards (D:13)
  5 ogre magi
  5 hydras
  3 boulder beetles
  A merfolk avatar (Shoals:2)
  5 catoblepae
  Erica (D:11)
  27 two-headed ogres
  5 death yaks
  4 centaur warriors
  A dancing weapon (Shoals:1)
  Sonja (D:13)
  2 tengu warriors (D:14)
  Nergalle (Lair:2)
  A fire crab (shapeshifter) (D:13)
  3 skeletal warriors (D:14)
  2 sea snakes (Shoals:2)
  A wizard (D:15)
  2 deep elf zephyrmancers (Orc:2)
  2 lindwurms
  3 deep elf pyromancers
  5 harpies (Shoals:2)
  A necromancer (D:15)
  8 fauns (Shoals:2)
  2 orc knights
  8 manticores
  3 orc sorcerers
  15 ugly things
  4 cyclopes
  2 elephants (Lair:6)
  4 centaur zombies
  2 naga magi (D:15)
  2 ice statues (IceCv)
  Joseph (D:7)
  10 black mambas
  A guardian serpent (shapeshifter) (D:13)
  2 merfolk sirens
  3 water nymphs
  A torpor snail (Lair:6)
  A cane toad (shapeshifter) (D:14)
  8 cane toads
  8 rime drakes
  7 komodo dragons
  A redback zombie (D:15)
  2 unseen horrors
  A freezing wraith (D:15)
  An efreet (D:15)
  4 red devils (D:14)
  8 merfolk
  A queen bee (shapeshifter) (D:15)
  A hornet (D:9)
  4 trolls
  A wind drake (Shoals:2)
  9 polar bears (Lair:6)
  21 blink frogs
  8 slime creatures
  A harpy zombie (Shoals:2)
  A wolf spider simulacrum (D:13)
  3 snapping turtles
  4 raiju (Lair:6)
  12 dream sheep
  9 wraiths
  A hog (shapeshifter) (D:14)
  A shadow (D:12)
  2 water elementals
  3 wyverns
  5 basilisks
  38 yaks
  4 fire elementals
  7 humans (D:13)
  4 hogs (Lair:4)
  3 steam dragons
  Menkaure (D:4)
  13 vampire mosquitoes
  A redback simulacrum (D:15)
  8 wargs
  13 water moccasins
  4 acid dragons
  15 hell hounds
  8 orc warriors
  2 sky beasts
  A hornet zombie (D:14)
  2 ice beasts
  2 manticore zombies (Shoals:2)
  A swamp drake (Orc:2)
  13 black bears
  31 ogres
  47 wolves
  3 centaurs
  Blork the orc (Orc:2)
  4 kobold brigands
  19 bullfrogs
  A gnoll sergeant (D:9)
  3 necrophages
  5 scorpions
  32 wights
  10 killer bees
  3 lindwurm simulacra (IceCv)
  7 howler monkeys
  A crimson imp (Orc:2)
  4 komodo dragon simulacra (IceCv)
  4 hounds
  4 jellies
  Crazy Yiuf (D:7)
  10 orc priests
  6 iguanas
  An iron imp (Orc:2)
  Jessica (D:3)
  Natasha (thrice) (D:2)
  A boggart zombie (D:14)
  21 orc wizards
  7 hell rats
  A statue (D:10)
  A boggart simulacrum (D:15)
  6 acid dragon simulacra (IceCv)
  4 gnolls
  8 adders
  A shadow imp (Orc:2)
  A white imp (Orc:2)
  An ufetubus (D:6)
  6 steam dragon simulacra (IceCv)
  2 worms (D:4)
  2 dart slugs
  67 orcs
  9 bats
  2 bat zombies (Shoals:2)
  8 endoplasms
  7 giant cockroaches
  9 goblins
  11 hobgoblins
  18 jackals
  21 kobolds
  6 quokkas
  9 ball pythons
  9 frilled lizards
  6 rats
  3 tentacles (Shoals:2)
877 creatures vanquished.

Vanquished Creatures (collateral kills)
  A hydra (Lair:6)
  The ghost of Ytsiazit the Cleaver, a journeyman DsFi of Cheibriados (Lair:2)
  A boulder beetle (Lair:4)
  A death yak (Lair:2)
  A dancing weapon (Lair:2)
  A sea snake (Shoals:2)
  A manticore (Lair:6)
  A rime drake (Lair:6)
  A wind drake (Shoals:2)
  2 yaks (Lair:2)
  2 hell hounds (Lair:6)
  An orc warrior (Orc:2)
  3 black bears
  An ogre (Orc:2)
  2 wights (D:7)
  2 komodo dragon simulacra (IceCv)
  An orc priest (Orc:2)
  An orc wizard (Orc:2)
  An orc (Orc:2)
25 creatures vanquished.

Vanquished Creatures (others)
  A merfolk javelineer (Shoals:3)
  A merfolk siren (Shoals:3)
  A human (D:13)
  2 orcs (Orc:2)
  34 fungi
  52 plants
  13 tentacles (Shoals:2)
104 creatures vanquished.

Grand Total: 1006 creatures vanquished

Notes
Turn   | Place    | Note
-------+----------+-------------------------------------------
     0 | D:1      | wingedge the Minotaur Berserker began the quest for the
                  | Orb.
     0 | D:1      | Reached XP level 1. HP: 19/19 MP: 0/0
    95 | D:1      | Reached XP level 2. HP: 22/27 MP: 1/1
   264 | D:1      | Reached ** piety under Trog
   265 | D:1      | Reached skill level 1 in Throwing
   315 | D:1      | Reached XP level 3. HP: 33/33 MP: 2/2
   373 | D:1      | Reached skill level 4 in Axes
   610 | D:1      | Found a faded altar of an unknown god.
  1230 | D:2      | Reached XP level 4. HP: 40/40 MP: 3/3
  1398 | D:2      | Noticed Natasha
  1404 | D:2      | Killed Natasha
  1816 | D:2      | Noticed Natasha
  1825 | D:2      | Killed Natasha
  1826 | D:2      | Reached XP level 5. HP: 35/47 MP: 4/4
  2249 | D:2      | Noticed Natasha
  2255 | D:2      | Killed Natasha
  2428 | D:3      | Found a hide-covered altar of Uskayaw.
  2651 | D:3      | Noticed Jessica
  2656 | D:3      | Killed Jessica
  2665 | D:3      | Found a glowing silver altar of Zin.
  2793 | D:3      | Reached XP level 6. HP: 52/55 MP: 5/5
  2798 | D:3      | Reached *** piety under Trog
  2844 | D:3      | Reached skill level 5 in Fighting
  3049 | D:3      | Reached skill level 5 in Axes
  3057 | D:3      | Found a sacrificial altar of Ru.
  3351 | D:4      | Noticed an ice beast
  3351 | D:4      | Found a staircase to the Ecumenical Temple.
  3611 | D:4      | Noticed Menkaure
  3619 | D:4      | Killed Menkaure
  3620 | D:4      | Reached XP level 7. HP: 32/61 MP: 6/6
  3899 | D:4      | Found a blossoming altar of Fedhas.
  4146 | D:4      | Found a bloodstained altar of Trog.
  4278 | D:5      | Entered Level 5 of the Dungeon
  4290 | D:5      | Reached skill level 6 in Axes
  4290 | D:5      | Reached skill level 5 in Armour
  4347 | D:5      | Reached skill level 1 in Shields
  4347 | D:5      | Reached skill level 1 in Evocations
  4347 | D:5      | Noticed a steam dragon
  4354 | D:5      | Killed a steam dragon
  4355 | D:5      | Reached XP level 8. HP: 69/70 MP: 7/7
  4412 | D:5      | Found an opulent altar of Gozag.
  4439 | D:5      | Found a hazy altar of Hepliaklqana.
  4476 | D:5      | Noticed a two-headed ogre
  4485 | D:5      | Killed a two-headed ogre
  4486 | D:5      | Reached skill level 7 in Axes
  4486 | D:5      | Reached skill level 5 in Dodging
  4683 | D:5      | Reached XP level 9. HP: 78/78 MP: 8/8
  5508 | D:6      | Reached skill level 5 in Shields
  5541 | D:6      | Found a transporter.
  5557 | D:6      | Found a transporter.
  5656 | D:6      | Found a shimmering blue altar of Sif Muna.
  5848 | D:6      | Found Haunot's Book Emporium.
  5860 | D:6      | Reached skill level 8 in Axes
  6382 | D:6      | Reached skill level 5 in Throwing
  6608 | D:7      | Reached **** piety under Trog
  6714 | D:7      | Noticed Joseph
  6737 | D:7      | Reached skill level 9 in Axes
  6836 | D:7      | Killed Joseph
  6837 | D:7      | Reached XP level 10. HP: 55/86 MP: 9/9
  7317 | D:7      | Found a runed translucent door.
  7318 | D:7      | Noticed Crazy Yiuf
  7325 | D:7      | Killed Crazy Yiuf
  7789 | D:8      | Noticed a two-headed ogre
  7797 | D:8      | Killed a two-headed ogre
  7798 | D:8      | Reached skill level 10 in Axes
  7827 | D:8      | Found a basalt altar of Yredelemnul.
  7857 | D:8      | Noticed a two-headed ogre
  7874 | D:8      | Killed a two-headed ogre
  8309 | D:8      | Found a staircase to the Lair.
  8692 | D:9      | Reached XP level 11. HP: 95/95 MP: 10/10
  8755 | D:9      | Noticed a two-headed ogre
  8766 | D:9      | Killed a two-headed ogre
  8767 | D:9      | Reached skill level 11 in Axes
  9198 | D:9      | Reached skill level 5 in Evocations
  9368 | D:9      | Found a burning altar of Makhleb.
  9508 | D:10     | Entered Level 10 of the Dungeon
  9520 | D:10     | Found a glowing golden altar of the Shining One.
 10422 | D:10     | Found a radiant altar of Vehumet.
 10643 | Lair:1   | Entered Level 1 of the Lair of Beasts
 10926 | Lair:1   | Reached skill level 12 in Axes
 10932 | Lair:1   | HP: 4/97 [yak (12)]
 12056 | Lair:2   | Reached XP level 12. HP: 83/106 MP: 11/11
 12433 | Lair:2   | Noticed a death yak
 12433 | Lair:2   | Noticed a death yak
 12434 | Lair:2   | Noticed a death yak
 12438 | Lair:2   | Noticed Nergalle
 12448 | Lair:2   | Killed Nergalle
 12453 | Lair:2   | Killed a death yak
 12459 | Lair:2   | Killed a death yak
 12467 | Lair:2   | Killed a death yak
 12469 | Lair:2   | Reached skill level 10 in Fighting
 12924 | Lair:2   | Reached skill level 13 in Axes
 13225 | Lair:2   | Found a runed translucent door.
 13225 | Lair:2   | Found a shimmering altar of Xom.
 13225 | Lair:2   | Noticed Ytsiazit's ghost (journeyman DsFi)
 13240 | Lair:2   | Killed Ytsiazit's ghost
 13639 | Lair:3   | Found a staircase to the Shoals.
 13660 | Lair:3   | Noticed a catoblepas
 14037 | Lair:2   | Reached skill level 10 in Armour
 14213 | Lair:3   | Killed a catoblepas
 14629 | Lair:3   | Found a hole to the Spider Nest.
 14891 | Lair:3   | Reached XP level 13. HP: 114/114 MP: 12/12
 15369 | Lair:4   | Noticed Kirke
 15379 | Lair:4   | Killed Kirke
 15449 | Lair:4   | Reached skill level 14 in Axes
 15728 | Lair:4   | Reached skill level 10 in Shields
 16727 | Lair:5   | Found a staircase to the Slime Pits.
 16727 | Lair:5   | Found a viscous altar of Jiyva.
 16892 | Lair:5   | Reached ***** piety under Trog
 17164 | Lair:6   | Entered Level 6 of the Lair of Beasts
 18810 | Lair:6   | Reached skill level 15 in Axes
 18870 | Lair:6   | Reached XP level 14. HP: 52/124 MP: 13/13
 20607 | D:11     | Reached skill level 16 in Axes
 20744 | D:11     | Found a hide-covered altar of Uskayaw.
 21052 | D:11     | Noticed Erica
 21059 | D:11     | Killed Erica
 21076 | D:11     | Found Wuix's General Store.
 21618 | D:12     | Found a frozen archway.
 21625 | IceCv    | Entered an ice cave
 22747 | D:12     | Noticed Frances
 22754 | D:12     | Killed Frances
 22755 | D:12     | Reached skill level 10 in Throwing
 22755 | D:12     | Found a staircase to the Orcish Mines.
 23080 | D:12     | Noticed Josephine
 23087 | D:12     | Killed Josephine
 23281 | Orc:1    | Entered Level 1 of the Orcish Mines
 23461 | Orc:2    | Entered Level 2 of the Orcish Mines
 23612 | Orc:2    | Received a gift from Trog
 23651 | Orc:2    | Reached XP level 15. HP: 134/134 MP: 14/14
 23713 | Orc:2    | Reached skill level 10 in Dodging
 23826 | Orc:2    | Found Vub Quuw's Jewellery Shoppe.
 23826 | Orc:2    | Found Huga's Distillery.
 23827 | Orc:2    | Found Jobousk's Magic Scroll Shop.
 23827 | Orc:2    | Found Kydwuf's Armour Emporium.
 23878 | Orc:2    | Bought 2 scrolls of identify for 56 gold pieces
 23879 | Orc:2    | Bought a ring of flight for 227 gold pieces
 23879 | Orc:2    | Bought the amulet "Canih Geupp" {rPois Regen+} for 535 gold
                  | pieces
 23891 | Orc:2    | Reached XP level 16. HP: 144/144 MP: 15/15
 23941 | Orc:2    | Reached skill level 17 in Axes
 23941 | Orc:2    | Found a staircase to the Elven Halls.
 23978 | Orc:2    | Received a gift from Trog
 24100 | Orc:2    | Noticed Blork the orc
 24108 | Orc:2    | Killed Blork the orc
 24300 | Orc:2    | Found Kiuptac's Antique Weapon Emporium.
 24308 | Orc:2    | Bought a runed broad axe for 175 gold pieces
 24935 | D:13     | Noticed Azrael
 24948 | D:13     | Killed Azrael
 25249 | D:13     | Noticed Sonja
 25253 | D:13     | Killed Sonja
 25323 | D:13     | Found a gate to the Vaults.
 25609 | D:13     | You fall into a shaft and drop 2 floors!
 25609 | D:15     | Entered Level 15 of the Dungeon
 26367 | D:15     | Found a staircase to the Depths.
 26372 | D:15     | Reached skill level 10 in Evocations
 26569 | D:14     | Reached skill level 18 in Axes
 26579 | D:14     | Reached XP level 17. HP: 104/152 MP: 16/16
 27947 | Shoals:1 | Entered Level 1 of the Shoals
 27986 | Shoals:1 | Received a gift from Trog
 28210 | Shoals:1 | Found Negopats's Antique Armour Emporium.
 28218 | Shoals:1 | Bought a pair of ancient boots for 294 gold pieces
 28218 | Shoals:1 | Identified the +1 pair of boots of the Tundras {rF+ rCorr
                  | Int+3} (You bought it in a shop on level 1 of the Shoals)
 28492 | Shoals:1 | Found a runed translucent door.
 28492 | Shoals:1 | Found a shimmering altar of Xom.
 28492 | Shoals:1 | Noticed quinnr's ghost (adept TeAE)
 28518 | Shoals:1 | Killed quinnr's ghost
 28898 | Shoals:2 | Noticed a kraken
 28968 | Shoals:2 | Killed a kraken
 29652 | Shoals:3 | Noticed Ilsuiw
 29806 | Shoals:3 | HP: 1/154 [merfolk javelineer/javelin[Ilsuiw] (12)]
 29807 | Shoals:3 | Slain by Ilsuiw

Illustrated notes

Levels and vault maps discovered:
D:1:      dpeg_arrival_tiny_a, layout_loops_ring, basic_ecumenical_altar
D:2:      kb_forest_paths, layout_basic, uniq_natasha
D:3:      cheibrodos_pilgrimage, layout_loops_ring, lemuel_tele_altar,
          overflow_temple_1_default, lemuel_round_altar, uniq_jessica
D:4:      layout_cave_pools, kennysheep_little_box, general_overflow_altar,
          minmay_temple_entry_proselytizer, uniq_menkaure
D:5:      layout_rooms, worldfamousw_hep_ancestral_shrine,
          mainiacjoe_overflow_tiny_flanked
D:6:      gammafunk_steamed_eel, layout_basic, lemuel_blue_sif_altar,
          serial_shops, nicolae_lakefront_shop, hangedman_abyss_or_decor_stagger
D:7:      layout_rooms, minmay_tree_intersection, uniq_crazy_yiuf_cottage,
          uniq_joseph
D:8:      layout_loops_ring, mainiacjoe_overflow_six_doors_small,
          david_lair_shrubbed, minmay_fractal_squares_5
D:9:      layout_cave_pools, lemuel_doored_altar
D:10:     layout_cave_pools, mainiacjoe_overflow_chevrons, vehumet_statue
D:11:     layout_loops_corners, serial_shops, nicolae_take_the_stairs,
          nicolae_uskayaw_dance_studio, uniq_erica
D:12:     layout_roguey, orc_0_dummy, portal_ice_cave_rime, uniq_frances,
          uniq_josephine
D:13:     minmay_goldmine, layout_rooms, ximxim_vaults_locker_room, uniq_sonja,
          uniq_azrael
D:14:     layout_cave_pools, serial_undead, serial_undead_f, serial_undead_d,
          serial_undead_c, serial_undead_d, palyth_stone_intersect,
          einodemon_armed_red_devil_minivault
D:15:     grunt_enter_depths_magical_seal, layout_cave_pods, serial_park_square3
          [serial_park_minivault_5x5_7]
Lair:1:   layout_gridlike
Lair:2:   layout_gridlike, ebering_ghost_xom, beast_lair_carwin_3,
          lemuel_fruit_fields, uniq_nergalle
Lair:3:   layout_concentric_octagons, elwin_shoals_entry_rocks,
          spider_nest_entry_web_field, grunt_forest_large_clearings,
          serial_bayou_shore_b
Lair:4:   layout_loops_ring, chequers_serial_rivers_marsh,
          chequers_serial_rivers_small_a, uniq_kirke
Lair:5:   layout_regular_city, nicolae_slime_entry_slimehenge,
          grunt_megastairs_2
Lair:6:   hangedman_lair_caniforms_friends, layout_gridlike,
          hangedman_lair_in_review, st_stairs_13, grunt_megastairs_3
Shoals:1: layout_shoals, serial_shops, nicolae_lakefront_shop, ebering_ghost_xom
Shoals:2: layout_shoals, nicolae_shoals_undead_eyrie
Shoals:3: layout_shoals, centaur_isle, uniq_ilsuiw, uniq_roxanne
Orc:1:    layout_diamond_mine
Orc:2:    st_orc_ogre_mass, layout_caves, serial_shops, shop,
          hangedman_minor_magic

Skill      XL: |  1  2  3  4  5  6  7  8  9 10 11 12 13 14 15 16 17 |
---------------+----------------------------------------------------+-----
Fighting       | 4 5 6 7 8 9 10 11 12 13 14 | 14.5
Throwing       | 1 2 3 4 5 6 7 8 9 10 11 | 11.6
Axes           | 4 5 6 7 9 10 12 13 15 16 18 | 18.8
Armour         | 3 4 5 7 8 9 10 11 12 13 14 | 14.2
Dodging        | 3 4 5 6 7 8 9 10 11 | 11.3
Shields        | 1 4 6 7 8 9 10 11 12 | 12.2
Evocations     | 1 2 3 4 5 6 7 8 9 10 | 10.5
Polearms       | 3 |  3.0
Maces & Flails | |  0.2

Action                   |  1- 3 |  4- 6 |  7- 9 | 10-12 | 13-15 | 16-18 || total
-------------------------+-------+-------+-------+-------+-------+-------++-------
Melee: Hand axe          |    75 |   127 |   248 |   589 |   506 |       ||  1545
       Headbutt          |     8 |    23 |    45 |   110 |   203 |    92 ||   481
       Punch             |     1 |     1 |       |       |       |       ||     2
       Club              |       |     8 |       |       |       |       ||     8
       War axe           |       |       |       |    41 |    71 |       ||   112
       Broad axe         |       |       |       |       |   161 |   144 ||   305
       Executioner's axe |       |       |       |       |       |   263 ||   263
Throw: Dart              |       |     1 |     3 |     6 |     2 |       ||    12
       Boomerang         |       |     2 |    30 |    16 |    12 |    25 ||    85
       Javelin           |       |       |       |       |     5 |       ||     5
Invok: Berserk           |     1 |     7 |     6 |    11 |    11 |     6 ||    42
       Trog's Hand       |       |     5 |     4 |     7 |     9 |    11 ||    36
       Brothers in Arms  |       |       |     1 |     2 |     7 |     6 ||    16
Evoke: Wand              |       |     5 |       |       |     8 |       ||    13
       Lightning rod     |       |       |       |       |     8 |     1 ||     9
  Use: Scroll            |       |       |    14 |     8 |    15 |     9 ||    46
       Potion            |       |       |       |     2 |     4 |     5 ||    11
 Stab: Petrified         |       |       |       |       |       |     2 ||     2
       Invisible         |       |       |       |       |       |     2 ||     2
Armor: Animal skin       |    19 |       |       |       |       |       ||    19
       Ring mail         |    13 |    43 |       |       |       |       ||    56
       Scale mail        |       |    18 |    91 |   226 |   193 |       ||   528
       Chain mail        |       |       |       |       |   108 |   212 ||   320
Dodge: Dodged            |    63 |    67 |   110 |   233 |   259 |   258 ||   990
Block: Kite shield       |       |       |    99 |   435 |   451 |    27 ||  1012
       Other             |       |       |       |       |       |    28 ||    28
       Reflection        |       |       |       |       |       |     7 ||     7
       Tower shield      |       |       |       |       |       |   122 ||   122

Table legend: (Time is in decaauts)
 A = Elapsed time spent in this place.
 B = Non-inter-level travel time spent in this place.
 C = Inter-level travel time spent in this place.
 D = Time resting spent in this place.
 E = Time spent auto-exploring this place.
 F = Levels seen in this place.
 G = Mean time per level.
                   A        B        C        D        E       F      G
               +--------+--------+--------+--------+--------+-----+--------+
         Total |  29955 |  28147 |   1808 |   7889 |  13751 |  27 | 1109.4 |
       Dungeon |  15857 |  14574 |   1283 |   3116 |   7807 |  15 | 1057.1 |
          Lair |   9795 |   9487 |    308 |   3981 |   3917 |   6 | 1632.5 |
        Shoals |   1870 |   1790 |     80 |    196 |   1101 |   3 |  623.3 |
  Orcish Mines |   1569 |   1434 |    135 |    153 |    783 |   2 |  784.5 |
      Ice Cave |    862 |    862 |      0 |    443 |    142 |   1 |  862.0 |
               +--------+--------+--------+--------+--------+-----+--------+

Top non-repeatable levels by time:
  Lair:6: 2080 daAuts
  Lair:2: 1976 daAuts
  Lair:5: 1954 daAuts
  Lair:1: 1760 daAuts
     D:6: 1641 daAuts
     D:2: 1559 daAuts
     D:8: 1382 daAuts
     D:3: 1258 daAuts
    D:14: 1134 daAuts
    D:10: 1102 daAuts
    D:11: 1079 daAuts
  Lair:3: 1061 daAuts
Shoals:2: 1045 daAuts
   Orc:2: 998 daAuts
    D:12: 970 daAuts
